 Dungeon Crawl Stone Soup version 0.27-b1-42-g19c61b19a5 (webtiles) character file.

Game seed: 1151246375321982084

30 Amplified the Skirmisher (level 3, -2/24 HPs)
             Began as a Gargoyle Abyssal Knight on July 29, 2021.
             Was a Follower of Lugonu.
             Slain by an ogre (26 damage)
             ... on level 2 of the Dungeon.
             The game lasted 00:02:14 (1433 turns).

Amplified the Skirmisher (Gargoyle Abyssal Knight)  Turns: 1433, Time: 00:02:14

Health: -2/24      AC:  6    Str: 15    XL:     3   Next: 18%
Magic:  4/4        EV: 11    Int: 13    God:    Lugonu [*.....]
Gold:   57         SH:  0    Dex:  9    Spells: 2/2 levels left

rFire    . . .     SeeInvis .   a - +1 mace
rCold    . . .     Faith    .   (no shield)
rNeg     + . .     Spirit   .   b - +0 leather armour
rPois    ∞         Reflect  .   (no helmet)
rElec    +         Harm     .   (no cloak)
rCorr    .         Rampage  .   (no gloves)
Will     .....                  (no boots)
Stlth    +.........             (no amulet)
HPRegen  0.08/turn              (no ring)
MPRegen  0.09/turn              (no ring)

@: no status effects
A: sickness immunity, AC +3, negative energy resistance 1, electricity
resistance, torment resistance 1, petrification resistance
a: Renounce Religion, Depart the Abyss


You were on level 2 of the Dungeon.
You worshipped Lugonu.
Lugonu was aware of your devotion.
You visited 1 branch of the dungeon, and saw 2 of its levels.
You visited the Abyss 1 time.

You collected 57 gold pieces.

Inventory:

Hand Weapons
 a - a +1 mace (weapon)
Missiles
 d - 8 datura-tipped darts (quivered)
 h - 49 poisoned darts
Armour
 b - a +0 leather armour (worn)
Jewellery
 g - an amulet of faith
Scrolls
 e - a scroll of amnesia
 f - a scroll of blinking {unknown}
 j - a scroll of teleportation {unknown}
Potions
 c - a potion of heal wounds {unknown}
 i - 2 potions of curing {unknown}


   Skills:
 * Level 3.7 Fighting
 * Level 2.5 Maces & Flails
 + Level 2.4 Armour
 + Level 1.1 Dodging
 + Level 2.3 Invocations


You had 2 spell levels left.
You didn't know any spells.
Your spell library was empty.

Dungeon Overview and Level Annotations

Branches:
Dungeon (2/15)

Altars:

Shops:
D:1 ?


Innate Abilities, Weirdness & Mutations

You are immune to sickness and miasma.
Your stone body is resilient. (AC +3)
You are immune to poison.
You resist negative energy. (rN+)
You are resistant to electric shocks. (rElec)
You are resistant to unholy torment.
You are immune to petrification.


Message History

The worm is moderately wounded.
The worm bites you but does no damage.
You hit the worm but do no damage.
The worm is moderately wounded.
The worm bites you.
You hit the worm.
The worm is moderately wounded.
You sock the worm!
The worm is almost dead.
The worm bites you.
You thump the worm!
You kill the worm!
Lugonu accepts your kill.
No target in view!
You start resting.
HP restored.
Found a robe.
Found a whip.
Found an escape hatch in the floor.
Found a stone staircase leading down.
Found 16 sling bullets.
There is an escape hatch in the ceiling here.
A goblin comes into view.
It is wielding a +0 dagger and quivering poisoned darts.
The goblin shouts!
A goblin is nearby!
A goblin is nearby!
The goblin throws a poisoned dart.
The poisoned dart hits you!
A goblin comes into view. It is wielding a +0 club.
The goblin shouts!
You hear a shout!
The goblin throws a poisoned dart.
The poisoned dart barely misses you. The goblin barely misses you.
You barely miss the goblin. The goblin closely misses you.
You sock the goblin!
You kill the goblin!
Lugonu accepts your kill. The goblin barely misses you.
Your leather armour prevents you from hitting the ogre.
The ogre hits you with a +0 giant club!!
Ouch! That really hurt!
You die...

........<# #.#.....#
..#.####.###.#.....# #..##
#..# ##.#.## ..#..###.# #.#.#
#...#..#.# #.#.# ..#...#..##
#.#.# # #...#...#.#.##.#.# #
#...#.g...##.#.# #
#...#..@#...##.#.. #
..#...#O..#.##.#########
#...#...#.#.##..........
..#...#...# #########.##
..#...#...#...# #######.##
#...#...#.. ..# ..........
#...#...#...#...# ..........
..#..(#...#.....# .........)
.#...#...#...#.#.#########.##


You could see an ogre and a goblin.

Vanquished Creatures
  An adder (D:2)
  A worm (D:2)
  A dart slug (D:1)
  An endoplasm (D:2)
  A giant cockroach (D:2)
  A hobgoblin (D:1)
  6 jackals
  A goblin (D:2)
  2 rats
15 creatures vanquished.

Notes
Turn   | Place    | Note
-------+----------+-------------------------------------------
     0 | Abyss:1  | Amplified the Gargoyle Abyssal Knight began the quest for
                  | the Orb.
     0 | Abyss:1  | Reached XP level 1. HP: 14/14 MP: 2/2
    53 | Abyss:2  | Noticed a hellwing
    55 | D:1      | Escaped the Abyss
   286 | D:1      | Found Sodoej's Magic Scroll Boutique.
   405 | D:1      | Reached XP level 2. HP: 19/19 MP: 3/3
   691 | D:2      | Reached * piety under Lugonu
   722 | D:2      | Reached skill level 1 in Dodging
   730 | D:2      | Found a faded altar of an unknown god.
   880 | D:2      | Noticed an ogre
  1170 | D:2      | Reached XP level 3. HP: 24/24 MP: 4/4
  1433 | D:2      | Slain by an ogre

Illustrated notes

Levels and vault maps discovered:
D:1:      dpeg_arrival_arbitrary_a, layout_basic, serial_shops, shop
D:2:      layout_basic, hellmonk_ecumenical_altar_arch_garden, hex_large

Skill      XL: |  1  2 |
---------------+-------+-----
Dodging        | 1 |  1.1
Fighting       | |  3.7
Maces & Flails | |  2.5
Armour         | |  2.4
Invocations    | |  2.3

Action                   || total
-------------------------++-------
Melee: Mace              ||    49
Invok: Depart the Abyss  ||     1
  Use: Scroll            ||     1
Armor: Leather armour    ||    23
Dodge: Dodged            ||    31
